 Dungeon Crawl Stone Soup version 0.28-a0-312-gbced6e68ee (webtiles) character file.

Game seed: 1266654825241871454

25 frimble the Skirmisher (level 3, 0/35 HPs)
             Began as a Gnoll Wanderer on Aug 31, 2021.
             Slain by a hobgoblin (7 damage)
             ... led by Robin
             ... on level 2 of the Dungeon.
             The game lasted 00:01:31 (1252 turns).

frimble the Skirmisher (Gnoll Wanderer)             Turns: 1252, Time: 00:01:32

Health: 0/35       AC:  2    Str:  9    XL:     3   Next: 4%
Magic:  1/3        EV: 12    Int: 15    God:
Gold:   15         SH:  0    Dex: 10    Spells: 2/3 levels left

rFire   . . .      SeeInvis .   a - +1 short sword
rCold   . . .      Faith    .   (no shield)
rNeg    . . .      Spirit   .   b - +0 robe
rPois   .          Reflect  .   (helmet currently unavailable)
rElec   .          Harm     .   (no cloak)
rCorr   .          Rampage  .   (no gloves)
Will    .....                   (boots currently unavailable)
Stlth   +.........              (no amulet)
HPRegen 0.11/turn               (no ring)
MPRegen 0.08/turn               (no ring)

@: appendages
A: horns 2, talons 2, fangs 1, strong nose, distributed training
a: End Transformation


You were on level 2 of the Dungeon.
You had temporarily grown beastly horns and talons.
You visited 1 branch of the dungeon, and saw 2 of its levels.

You collected 15 gold pieces.

Inventory:

Hand Weapons
 a - a +1 short sword (weapon)
Armour
 b - a +0 robe (worn)
Scrolls
 d - 2 scrolls of immolation
Potions
 c - a potion of cancellation
 i - a potion of haste {unknown}


   Skills:
 + Level 6.5 Fighting
 + Level 2.5 Short Blades
 + Level 0.5 Long Blades
 + Level 0.5 Axes
 + Level 0.5 Maces & Flails
 + Level 0.5 Polearms
 + Level 0.5 Staves
 + Level 0.5 Slings
 + Level 0.5 Bows
 + Level 0.5 Crossbows
 + Level 0.5 Throwing
 + Level 0.5 Armour
 + Level 2.5 Dodging
 + Level 0.5 Stealth
 + Level 2.5 Shields
 + Level 0.5 Unarmed Combat
 + Level 0.5 Spellcasting
 + Level 0.4 Conjurations
 + Level 0.4 Hexes
 + Level 0.4 Summonings
 + Level 0.4 Necromancy
 + Level 0.4 Translocations
 + Level 5.4 Transmutations
 + Level 0.4 Fire Magic
 + Level 0.4 Ice Magic
 + Level 0.4 Air Magic
 + Level 0.4 Earth Magic
 + Level 0.4 Poison Magic
 + Level 0.7 Invocations
 + Level 2.5 Evocations


You had 2 spell levels left.
You knew the following spells:

 Your Spells              Type           Power      Damage    Failure   Level
a - Beastly Appendage     Tmut           32%        N/A       2%          1

Your spell library contained the following spells:

 Spells                   Type           Power      Damage    Failure   Level
 Wereblood                Tmut           16%        N/A       4%          2
 Spider Form              Tmut/Pois      4%         N/A       24%         3
 Ice Form                 Ice/Tmut       9%         N/A       61%         4


Dungeon Overview and Level Annotations

Branches:
Dungeon (2/15)

Altars:

Shops:
D:2 *

Annotations:
D:2 Robin


Innate Abilities, Weirdness & Mutations

You have temporarily grown beastly horns and talons.
You have very sharp teeth.
Your uncanny sense of smell can sniff out nearby items.
Your experience applies equally to all skills.


Message History

The goblin shouts!
The jackal barks!
Found Qiem's General Store.
There are monsters nearby!
There are monsters nearby!
A goblin comes into view. It is wielding a +0 club.
The goblin shouts!
The hobgoblin shouts!
Robin throws the goblin at you! The goblin hits you with a +0 club.
Casting: Beastly Appendage (safe; 3% risk of failure)
Confirm with . or Enter, or press ? or * to list all spells.
You grow a pair of large bovine horns.
Your feet morph into talons.
The goblin hits you with a +0 club.
You hit the goblin.
You kill the goblin!
You have reached level 3!
Your experience leads to an increase in your attributes!
Increase (S)trength, (I)ntelligence, or (D)exterity?
You feel clever.
Unknown command.
You barely miss the goblin. Your headbutt misses the goblin.
Your bite misses the goblin. The goblin hits you with a +0 club.
You barely miss the goblin. Your kick misses the goblin.
You bite the goblin, but do no damage. The goblin completely misses you.
Robin throws the goblin at you!
You closely miss the goblin. Your kick misses the goblin.
The goblin hits you with a +0 club.
Robin roars a battlecry!
The hobgoblin hits you.
You hear a shout!
You closely miss the goblin. The goblin hits you with a +0 club.
Robin roars a battlecry!
The hobgoblin barely misses you.
You hit the goblin.
You kill the goblin!
You see here a +0 club.
The goblin no longer looks unusually strong.
Robin throws the goblin at you! The goblin hits you with a +0 club.
* * * LOW HITPOINT WARNING * * *
You closely miss the goblin. The hobgoblin hits you!
You die... h... ggh⌠ #gg

#⌠g ######### #.#
#.@g)g)g# #g#
#g#####g###g##
####.#<# #.#....#
#......###.#g...#
#......#...g....#
#....†##.#......#
#.....##.#......#
#.....##.#...#.##
#.....##.#...#.#


You could see Robin, a hobgoblin (strong) and 3 goblins.

Vanquished Creatures
  2 dart slugs (D:1)
  5 hobgoblins (D:1)
  A quokka (D:1)
  4 ball pythons
  2 bats
  2 frilled lizards (D:1)
  3 goblins
  3 rats (D:1)
22 creatures vanquished.

Notes
Turn   | Place    | Note
-------+----------+-------------------------------------------
     0 | D:1      | frimble the Gnoll Wanderer began the quest for the Orb.
     0 | D:1      | frimble set off with the following items: a +0 short sword,
                  | a +0 robe; and the following spell memorised: Beastly
                  | Appendage; and the following spells available to memorise:
                  | Wereblood, Spider Form, Ice Form
     0 | D:1      | Reached XP level 1. HP: 23/23 MP: 1/1
   285 | D:1      | Reached XP level 2. HP: 23/29 MP: 2/2
  1233 | D:2      | Found Qiem's General Store.
  1233 | D:2      | Noticed Robin
  1244 | D:2      | Reached XP level 3. HP: 25/35 MP: 1/3
  1252 | D:2      | Slain by a hobgoblin

Illustrated notes

Levels and vault maps discovered:
D:1:      giann_bridges, layout_loops_ring, serial_glass, glass_columns_a,
          glass_columns_c
D:2:      layout_basic, serial_shops, shop_fountains, minmay_pentomino_v4,
          uniq_sigmund, uniq_jessica, uniq_robin

Action                   || total
-------------------------++-------
Melee: Short sword       ||    74
       Bite              ||     5
 Cast: Beastly Appendage ||     2
  Use: Scroll            ||     5
 Stab: Sleeping          ||     1
Armor: Robe              ||    12
Dodge: Dodged            ||    58

Table legend: (Time is in decaauts)
 A = Elapsed time spent in this place.
 B = Non-inter-level travel time spent in this place.
 C = Inter-level travel time spent in this place.
 D = Time resting spent in this place.
 E = Time spent auto-exploring this place.
 F = Levels seen in this place.
 G = Mean time per level.
                   A        B        C        D        E       F      G
               +--------+--------+--------+--------+--------+-----+--------+
         Total |   1249 |   1233 |     16 |      0 |   1064 |   2 |  624.5 |
       Dungeon |   1249 |   1233 |     16 |      0 |   1064 |   2 |  624.5 |
               +--------+--------+--------+--------+--------+-----+--------+

Top non-repeatable levels by time:
     D:1: 1208 daAuts
     D:2: 41 daAuts
